 Dungeon Crawl Stone Soup version 0.26.0-20-g3ca415f5b8 (webtiles) character file.

Game seed: 6559608401324266022

556 thiole the Sneak (level 7, 0/55 (64) HPs)
             Began as an Octopode Hedge Wizard on Jan 24, 2021.
             Was an Initiate of Gozag.
             Slain by Edmund
             ... wielding a +2 dire flail of draining
              (6 damage)
             ... on level 4 of the Dungeon.
             The game lasted 00:17:05 (7272 turns).

thiole the Sneak (Octopode Hedge Wizard)            Turns: 7272, Time: 00:17:06

HP:   0/55 (64)     AC: 23    Str:  8 (9)  XL:     7   Next: 30%
MP:   4/14          EV:  2    Int: 17 (18) God:    Gozag
Gold: 221           SH:  0    Dex: 12      Spells: 9/15 levels left

rFire    . . .     SeeInvis .   a - +0 dagger
rCold    . . .     Faith    .   (no shield)
rNeg     + + +     Spirit   .   (helmet currently unavailable)
rPois    +         Reflect  .   (no amulet)
rElec    .         Harm     .   (no ring)
rCorr    .         Rampage  .   (no ring)
Will     .....     NoTele   +   (no ring)
Stlth    +++.......             (no ring)
HPRegen  0.18/turn              (no ring)
MPRegen  0.14/turn              (no ring)
                                (no ring)
                                (no ring)

@: tree-form, gold aura, hasted, heavily drained, very quick
A: almost no armour, stealthy swim, (amphibious), 8 rings, (constrict 8)
a: Renounce Religion, Potion Petition, Call Merchant, Bribe Branch


You were on level 4 of the Dungeon.
You worshipped Gozag.
Gozag was aware of your devotion.
You were a tree.
You visited 2 branches of the dungeon, and saw 6 of its levels.

You collected 317 gold pieces.
You paid 96 gold pieces to Gozag.

Inventory:

Hand Weapons
 a - a +0 dagger (weapon)
Missiles
 m - 5 poisoned darts
Armour
 b - a +0 hat (melded)
 p - a cursed +0 tower shield
Jewellery
 c - an uncursed ring of ice
 r - an uncursed ring of willpower {unknown}
Wands
 i - a wand of flame (12)
Scrolls
 d - a scroll of amnesia {unknown}
 e - 2 scrolls of magic mapping
 g - 2 scrolls of immolation {unknown}
 h - 3 scrolls of enchant armour {unknown}
 j - 3 scrolls of remove curse
 k - 3 scrolls of identify
 n - a scroll of teleportation {unknown}
 o - a scroll of fear {unknown}
Potions
 f - a potion of flight


   Skills:
 + Level 1.0 Fighting
 - Level 2.0 Dodging
 + Level 6.0 Stealth
 * Level 4.7 Spellcasting
 - Level 4.0 Conjurations
 - Level 2.0 Summonings
 - Level 1.0 Translocations
 * Level 1.7 Air Magic


You had 9 spell levels left.
You knew the following spells:

 Your Spells              Type           Power        Failure   Level
a - Magic Dart            Conj           68%          2%          1
b - Call Imp              Summ           10%          10%         2
c - Mephitic Cloud        Conj/Pois/Air  10%          21%         3

Your spell library contained the following spells:

 Spells                   Type           Power        Failure   Level
 Blink                    Tloc           N/A          14%         2
 Conjure Flame            Conj/Fire      10%          19%         3
 Slow                     Hex            4%           22%         2


Dungeon Overview and Level Annotations

Branches:
Dungeon (5/15)             Temple (1/1) D:4

Altars:
Cheibriados
Dithmenos
Fedhas
Gozag
Hepliaklqana
Nemelex Xobeh
Okawaru
Qazlal
Ru
Sif Muna
Trog
Uskayaw
Wu Jian
Xom
Yredelemnul
Zin

Annotations:
D:4 Edmund, Sigmund


Innate Abilities, Weirdness & Mutations

You cannot wear most types of armour.
You are very stealthy in the water. (Stealth+)
((You are amphibious.))
You can wear up to eight rings at the same time.
((You can use your tentacles to constrict eight enemies at once.))
((Your skin changes colour to match your surroundings (Stealth+).))
((Your rubbery body absorbs attacks. (AC +1, EV +1)))


Message History

The puff of frost hits Edmund.
Edmund completely resists.
You hit Edmund but do no damage.
Edmund is heavily wounded.
Edmund says, "People accused me of being a cutpurse!"
Edmund hits you but does no damage.
You hit Edmund but do no damage.
Edmund is heavily wounded.
Your white imp hits Edmund but does no damage.
You hit Edmund but do no damage.
Edmund is heavily wounded.
Edmund hits you but does no damage.
Your white imp hits Edmund but does no damage.
You hit Edmund.
Edmund is heavily wounded.
Your magical contamination has completely faded away.
You hit Edmund.
Edmund is heavily wounded.
Edmund hits you with a +2 dire flail of draining.
You die...
Your body crumbles into a pile of gold.

###..P......#.##.......†##
##.P......P.##..#...#..###
#.P.P....#.##.....###...##
#...P..P.#.##....#
##...####
#.####.#.#.##.(.# ##......
#..........#....# #......
#####..........# ##.....
######.....# #.....
##.♣#..# ###### ##@5# ..#
# #.$## .. #.$## #....
...#..# ....##..# ...$#
##.. ## .... ..


You could see Edmund and a friendly white imp (summoned).

Vanquished Creatures
  An ogre (D:5)
  An orc wizard (D:3)
  A bullfrog skeleton (D:2)
  A worker ant (D:4)
  A gnoll (D:3)
  7 adders
  An ooze (D:2)
  3 worms
  3 dart slugs
  4 orcs
  3 giant cockroaches
  7 goblins
  3 hobgoblins
  11 jackals
  2 quokkas
  2 ball pythons
  7 bats
  4 frilled lizards
  7 kobolds
  9 rats
78 creatures vanquished.

Vanquished Creatures (collateral kills)
  A scorpion (D:5)
  A hound (D:5)
  A jelly (D:5)
  An iguana (D:4)
  An orc wizard (D:5)
  4 worker ants (D:5)
  Robin (D:4)
  6 gnolls (D:3)
  5 adders
  A white imp (D:5)
  2 adder skeletons
  4 worms
  6 orcs
  9 goblins
  A hobgoblin (D:4)
  A kobold (D:3)
  2 bats
  A leopard gecko zombie (D:5)
48 creatures vanquished.

Vanquished Creatures (others)
  3 plants (D:5)
3 creatures vanquished.

Grand Total: 129 creatures vanquished

Notes
Turn   | Place    | Note
-------+----------+-------------------------------------------
     0 | D:1      | thiole the Octopode Hedge Wizard began the quest for the
                  | Orb.
     0 | D:1      | Reached XP level 1. HP: 11/11 MP: 4/4
   178 | D:1      | Reached XP level 2. HP: 8/17 MP: 6/6
   411 | D:1      | Reached skill level 3 in Stealth
   564 | D:1      | Learned a level 2 spell: Call Imp
  1234 | D:1      | Reached XP level 3. HP: 21/21 MP: 2/7
  2571 | D:2      | Reached XP level 4. HP: 27/27 MP: 2/8
  3084 | D:2      | Reached skill level 4 in Stealth
  3084 | D:2      | Reached XP level 5. HP: 14/31 MP: 2/10
  4995 | D:3      | Reached XP level 6. HP: 31/36 MP: 2/11
  5444 | D:4      | Noticed Robin
  5446 | D:4      | Noticed Sigmund
  5462 | D:5      | Entered Level 5 of the Dungeon
  5557 | D:5      | Reached skill level 5 in Stealth
  6217 | D:5      | Learned a level 3 spell: Mephitic Cloud
  6253 | D:5      | Noticed a phantom
  6299 | D:5      | Reached skill level 1 in Air Magic
  6299 | D:5      | Reached XP level 7. HP: 15/42 MP: 4/13
  7026 | D:4      | Found a staircase to the Ecumenical Temple.
  7102 | D:4      | Reached skill level 1 in Fighting
  7104 | Temple   | Entered the Ecumenical Temple
  7112 | Temple   | Became a worshipper of Gozag Ym Sagoz the Greedy
  7233 | D:4      | Killed Robin
  7234 | D:4      | Reached skill level 6 in Stealth
  7250 | D:4      | Noticed Edmund
  7272 | D:4      | Slain by Edmund

Illustrated notes

Levels and vault maps discovered:
D:1:      nagdon_arrival_zigzag_paths, layout_basic,
          minmay_misc_feat_more_columns, roderic_st_hans_cross
D:2:      kennysheep_big_flooded_room, layout_loops_cross
D:3:      layout_basic
D:4:      cheibrodos_old_hovel, layout_layer_cave, temple_doors_e, uniq_edmund,
          uniq_sigmund, uniq_robin
D:5:      layout_basic, serial_bayou_pond_a
Temple:   dpeg_three_leaves_temple

Skill      XL: |  1  2  3  4  5  6  7 |
---------------+----------------------+-----
Stealth        | 3 4 5 6 |  6.0
Summonings     | 2 |  2.0
Conjurations   | 2 3 4 |  4.0
Spellcasting   | 4 |  4.7
Air Magic      | 1 |  1.7
Fighting       | 1 |  1.0
Dodging        | |  2.0
Translocations | |  1.0

Action                   |  1- 3 |  4- 6 |  7- 9 || total
-------------------------+-------+-------+-------++-------
Melee: Dagger            |    48 |    44 |    24 ||   116
       Constrict         |    11 |    11 |     4 ||    26
       Tentacles         |     9 |     4 |     6 ||    19
 Cast: Magic Dart        |    90 |    85 |    35 ||   210
       Call Imp          |     2 |    66 |    10 ||    78
Evoke: Wand              |       |     8 |       ||     8
  Use: Potion            |     1 |     4 |     2 ||     7
       Scroll            |       |     5 |       ||     5
 Stab: Sleeping          |       |       |     1 ||     1
Armor: Skin              |     9 |     3 |     8 ||    20
Dodge: Dodged            |    61 |    50 |    13 ||   124
